 Dungeon Crawl Stone Soup version 0.29.1-15-g9cfb28693d (webtiles) character file.

Game seed: 18109131147421703735

3090 Gabide the Grappler (level 9, 0/72 HPs)
             Began as a Mummy Berserker on Apr 19, 2023.
             Was a Priest of Trog.
             Slain by a wight
             ... wielding a +0 hand axe
              (11 damage)
             ... on level 7 of the Dungeon.
             The game lasted 00:22:14 (11095 turns).

Gabide the Grappler (Mummy Berserker)              Turns: 11095, Time: 00:22:16

Health: 0/72       AC:  8    Str: 24    XL:     9   Next: 59%
Magic:  9/9        EV: 13    Int:  7    God:    Trog [***...]
Gold:   222        SH:  0    Dex: 11    Spells: 8/8 levels left

rFire   x . .      SeeInvis .     - Unarmed
rCold   + . .      Faith    .   (no shield)
rNeg    + + +      Spirit   .   c - +0 ring mail
rPois   ∞          Reflect  .   f - +1 helmet
rElec   .          Harm     .   (no cloak)
rCorr   .          Rampage  .   (no gloves)
Will    +++..                   h - +0 pair of boots
Stlth   +.........              (no amulet)
HPRegen 1.22/turn               (no ring)
MPRegen 0.11/turn               (no ring)

@: strong-willed (expiring), regenerating (expiring)
A: cold resistance 1, negative energy resistance 3, torment resistance 2, heat
vulnerability 1, in touch with death 1, no potions
a: Renounce Religion, Trog's Hand


You were on level 7 of the Dungeon.
You worshipped Trog.
Trog was most pleased with you.
You visited 1 branch of the dungeon, and saw 8 of its levels.

You collected 379 gold pieces.
You spent 157 gold pieces at shops.

Inventory:

Missiles
 k - a throwing net
Armour
 c - a +0 ring mail (worn)
 f - a +1 helmet (worn)
 h - a +0 pair of boots (worn)
Wands
 a - a wand of mindburst (9)
 i - a wand of polymorph (2)
 j - a wand of digging (5)
 l - a wand of flame (7) (quivered)
Scrolls
 e - a scroll of vulnerability
 g - 9 scrolls of identify


   Skills:
 + Level 7.3 Fighting
 - Level 1.5 Armour
 + Level 5.8 Dodging
 * Level 8.4 Unarmed Combat


You had 8 spell levels left.
You didn't know any spells.
Your spell library was empty.

Dungeon Overview and Level Annotations

Branches:
Dungeon (8/15)             Temple (0/1) D:5
   Lair: D:8-11

Altars:
Dithmenos
Nemelex Xobeh
Qazlal
Trog
Xom
Yredelemnul

Shops:
D:4 *

Annotations:
D:6 1 runed translucent door, infcreate's ghost, novice DEHu
D:7 exclusion: moth of wrath


Innate Abilities, Weirdness & Mutations

You are immune to poison.
Your flesh is cold resistant. (rC+)
You are immune to negative energy. (rN+++)
You are immune to unholy pain and torment.
You are vulnerable to heat. (rF-)
You are in touch with the powers of death.
You do not drink.


Message History

The wight hits you with a +5 great sword!!
You punch the wight!
You destroy the wight!
Trog accepts your kill.
You hit the wight but do no damage.
The wight hits you with a +1 great sword!
You barely miss the wight. You punch the wight!
The wight is heavily damaged.
The wight hits you with a +1 great sword!
* * * LOW HITPOINT WARNING * * *
You completely miss the wight.
The wight is heavily damaged.
The wight misses you.
You can't drink.
Okay, then.
Aiming: Mindburst
Press: ? - help, Shift-Dir - straight line, f - wight
Aim: a wight, wielding a +1 great sword and wearing a +0 robe (heavily damaged, chance to affect: 64%)
The wight's mind is blasted!
You blow up the wight!
Trog accepts your kill.
Aiming: Mindburst
Press: ? - help, Shift-Dir - straight line, f - wight
Aim: a wight, wielding a +0 hand axe and wearing a +0 robe (chance to affect: 64%)
The wight's mind is blasted!
The wight barely misses you.
Aiming: Mindburst
Press: ? - help, Shift-Dir - straight line, f/p - wight
Aim: a wight, wielding a +0 hand axe and wearing a +0 robe (heavily damaged, chance to affect: 64%)
The wight struggles to resist.
You feel the effects of Trog's Hand fading.
The wight hits you with a +0 hand axe.
* * * LOW HITPOINT WARNING * * *
Aiming: Mindburst
Press: ? - help, Shift-Dir - straight line, f/p - wight
Aim: a wight, wielding a +0 hand axe and wearing a +0 robe (heavily damaged, chance to affect: 64%)
The wight struggles to resist.
The wight hits you with a +0 hand axe!
You die...

..........>...###
........###..###.
........# #.##...
........#####.)..
###.....##>##....
############........#.)..#
#...z.z...##........#.._.#
##.######z######....#)...#
#. ###@######....##.... #z
#........#....##)... #.
#........#.....##... #z
#........####.#.###. #.
#........####....### #.
#...................
#...................
#.............###..#
#.............'.....


You could see a wight.

Vanquished Creatures
  Sigmund (D:3)
  4 yaks (D:6)
  An ice beast (D:4)
  2 black bears
  A sky beast (D:7)
  3 kobold brigands
  2 necrophages
  4 scorpions
  6 wights (D:7)
  11 killer bees
  2 hounds (D:6)
  3 orc priests
  Jessica (D:3)
  2 iguanas
  6 orc wizards
  5 adders
  6 gnolls
  A shadow imp (D:7)
  2 white imps
  A worm (D:7)
  4 dart slugs
  22 orcs
  8 ball pythons
  13 endoplasms
  2 giant cockroaches
  11 goblins
  5 hobgoblins
  20 kobolds
  4 quokkas
  2 bats
  8 frilled lizards
  7 rats
170 creatures vanquished.

Notes
Turn   | Place    | Note
-------+----------+-------------------------------------------
     0 | D:1      | Gabide the Mummy Berserker began the quest for the Orb.
     0 | D:1      | Reached XP level 1. HP: 18/18 MP: 1/1
   201 | D:1      | Found a faded altar of an unknown god.
   220 | D:1      | Reached XP level 2. HP: 22/24 MP: 2/2
   892 | D:1      | Reached ** piety under Trog
   897 | D:1      | Reached skill level 3 in Unarmed Combat
  1137 | D:2      | Gained mutation: You are in touch with the powers of death.
                  | [Mummy growth]
  1137 | D:2      | Reached XP level 3. HP: 25/29 MP: 3/3
  2677 | D:3      | Noticed Sigmund
  3178 | D:4      | HP: 1/29 [iguana (10)]
  3384 | D:2      | Reached XP level 4. HP: 16/35 MP: 4/4
  3594 | D:3      | Noticed a necrophage
  3612 | D:2      | Killed a necrophage
  3613 | D:2      | Reached XP level 5. HP: 28/42 MP: 5/5
  3877 | D:4      | Noticed an ice beast
  3905 | D:4      | Killed an ice beast
  3906 | D:4      | Reached skill level 4 in Unarmed Combat
  4215 | D:4      | Found Seas's General Store.
  4219 | D:4      | Bought a +0 pair of boots for 45 gold pieces
  4219 | D:4      | Bought a wand of polymorph (8) for 112 gold pieces
  4432 | D:4      | Reached XP level 6. HP: 29/48 MP: 6/6
  4854 | D:3      | Killed Sigmund
  5007 | D:3      | Reached skill level 5 in Unarmed Combat
  5007 | D:3      | Reached XP level 7. HP: 52/55 MP: 7/7
  5111 | D:3      | Found a shadowy altar of Dithmenos.
  5354 | D:3      | Noticed Jessica
  5358 | D:3      | Killed Jessica
  5474 | D:5      | Entered Level 5 of the Dungeon
  5700 | D:5      | Found a sparkling altar of Nemelex Xobeh.
  5704 | D:5      | Found a basalt altar of Yredelemnul.
  5861 | D:5      | Reached skill level 5 in Fighting
  5990 | D:5      | Found a staircase to the Ecumenical Temple.
  6081 | D:5      | Found a stormy altar of Qazlal.
  6229 | D:5      | Reached *** piety under Trog
  6776 | D:6      | Reached skill level 6 in Unarmed Combat
  6810 | D:6      | Found a runed translucent door.
  6811 | D:6      | Found a shimmering altar of Xom.
  6811 | D:6      | Noticed infcreate's ghost (novice DEHu)
  6811 | D:6      | Noticed a +0 mace of chaos
  6840 | D:6      | Noticed a yak
  6841 | D:6      | Noticed a yak
  6841 | D:6      | Noticed a yak
  6842 | D:6      | Noticed a yak
  6847 | D:6      | Killed a yak
  6848 | D:6      | Reached XP level 8. HP: 56/63 MP: 8/8
  7362 | D:6      | Reached skill level 7 in Unarmed Combat
  7614 | D:6      | Found a shimmering altar of Xom.
  8160 | D:7      | Reached skill level 5 in Dodging
  8360 | D:7      | Reached XP level 9. HP: 57/71 MP: 9/9
  8439 | D:7      | HP: 3/71 [wight/+0 mace (8)]
  9279 | D:8      | Reached skill level 8 in Unarmed Combat
 10728 | D:7      | Noticed a moth of wrath
 10731 | D:7      | Found a bloodstained altar of Trog.
 11095 | D:7      | Slain by a wight

Illustrated notes

Levels and vault maps discovered:
D:1:      minmay_arrival_hallway, layout_basic,
          hellmonk_ecumenical_altar_zigzags, minivault_23
D:2:      layout_basic, st_stairs_5
D:3:      layout_loops_ring, amcnicky_altar_gilded, minmay_fountain_box,
          uniq_jessica, uniq_sigmund
D:4:      layout_gridville, serial_shops, shop, nicolae_eternal_life
D:5:      layout_loops_ring, kennysheep_little_box,
          mainiacjoe_overflow_catwalk_spiral, minmay_temple_entry_wispy
D:6:      layout_basic, lemuel_coloured_pillars_altar, ebering_ghost_xom,
          minmay_misc_feat_nine_boxes
D:7:      layout_basic, lemuel_zombie_altar_kikubaaqudgha, tgw_trog
D:8:      layout_cave_pools, gammafunk_ghost_hive, minmay_misc_feat_room,
          hangedman_decor_peaks_small

Skill      XL: |  1  2  3  4  5  6  7  8  9 |
---------------+----------------------------+-----
Unarmed Combat | 3 4 5 6 7 8 |  8.4
Dodging        | 2 3 4 5 |  5.8
Fighting       | 4 5 6 7 |  7.3
Armour         | |  1.5

Action                   |  1- 3 |  4- 6 |  7- 9 || total
-------------------------+-------+-------+-------++-------
Melee: Unarmed           |   229 |   143 |   454 ||   826
       Punch             |     3 |     3 |    20 ||    26
Throw: Throwing net      |       |       |     3 ||     3
       Dart              |       |       |     4 ||     4
Invok: Trog's Hand       |     3 |     3 |    14 ||    20
Evoke: Wand              |       |     2 |    14 ||    16
  Use: Scroll            |     8 |     2 |    10 ||    20
Armor: Ring mail         |    76 |    39 |   167 ||   282
Dodge: Dodged            |   155 |    51 |   275 ||   481
